AoeStats
← 血刃

African Clearing

510577181Analyzed
2v2 RM · 4h ago on Oct 1, 2026· 40m 18s· 4 players
Game mode
Random Map
Map size
Medium (4 player)
Population
200
Speed
Normal
Resources
Standard
Victory
Conquest
Starting age
Dark Age
Ending age
Imperial Age
RankedLock teamsTeams togetherTeam positionsShared explorationLock speedFull tech treeHidden civsTurbo modeCheats
Victory
Defeat
🇧🇷 Vietnamese · Brazil
1689
+14
🇩🇪 Sicilians · Germany
1583
+18
🇺🇾 Byzantines · Uruguay
1717
-19
🇺🇾 Aztecs · Uruguay
1560
-13
Kümmelbrot OP
11:15 Feudal Age
11:17 Loom
11:54 Double-Bit Axe
21:06 Castle Age
20:17 Horse Collar
20:28 Gold Mining
23:12 Town Watch
28:22 Imperial Age
27:55 Bow Saw
27:37 Fletching
28:20 Bodkin Arrow
39:06 Scale Mail Armor
血刃
8:37 Loom
13:35 Feudal Age
17:31 Castle Age
15:30 Double-Bit Axe
19:15 Bow Saw
19:30 Fletching
27:38 Ballistics
28:19 Bodkin Arrow
28:19 Bodkin Arrow
34:07 Bodkin Arrow
34:13 Padded Archer Armor
|FMG| twitch/JabsUY
10:21 Loom
12:29 Feudal Age
16:37 Castle Age
15:20 Double-Bit Axe
16:41 Pikeman
19:58 Squires
20:58 Scale Mail Armor
21:51 Forging
21:58 Eagle Warrior
23:45 Chain Mail Armor
24:58 Bow Saw
26:23 Arson
31:23 Iron Casting
FMG | Camilo
7:51 Loom
12:54 Feudal Age
16:35 Castle Age
14:30 Double-Bit Axe
17:02 Forging
17:59 Bow Saw
21:00 Horse Collar
24:08 Wheelbarrow
28:55 Fletching
33:30 Imperial Age
31:39 Padded Archer Armor
31:56 Gold Mining
31:57 Stone Mining
33:21 Guard Tower
35:11 Chemistry
34:40 Fletching
35:58 Chemistry
35:16 Bodkin Arrow
36:49 Bracer
39:41 Keep
Connection lost

Rejoining the realm…

Still unreachable

The connection could not be restored.

Session expired

The server has moved on; the page needs a fresh start.